PAA
DURHAM RAPIERS @ SPRINGFIELD SHOOTERS
08/30/2031
 
TOP OF THE 1ST
Durham Rapiers batting - Pitching for Springfield Shooters : LHP Marcos Tejedor
Pitching: LHP Marcos Tejedor
Batting: LHB Alberto Garza 0-0: Foul Ball, location: 2F
0-1: Ground out 4-3 (Groundball, 4)
Batting: RHB Carlos Evangelho 0-0: Ball
1-0: Ground out 5-3 (Groundball, 56)
Batting: RHB Tomás Costello 0-0: Ball
1-0: Called Strike
1-1: Called Strike
1-2: Fly out, F8 (Flyball, 8LD)
Top of the 1st over - 0 runs, 0 hits, 0 errors, 0 left on base; Durham 0 - Springfield 0
BOTTOM OF THE 1ST
Springfield Shooters batting - Pitching for Durham Rapiers : RHP Cisco Pérez
Pitching: RHP Cisco Pérez
Batting: RHB Eun-bum Kim 0-0: Ball
1-0: Fly out, F4 (Popup, 4MD)
Batting: RHB Barrett Drury 0-0: Swinging Strike
0-1: Ball
1-1: Ball
2-1: Ball
3-1: Foul Ball, location: 2F
3-2: Strikes out looking
Batting: RHB Sébastien Bernard 0-0: Ball
1-0: Ball
2-0: Ground out 1-3 (Groundball, 13)
Bottom of the 1st over - 0 runs, 0 hits, 0 errors, 0 left on base; Durham 0 - Springfield 0
TOP OF THE 2ND
Durham Rapiers batting - Pitching for Springfield Shooters : LHP Marcos Tejedor
Batting: RHB Armando Chamú 0-0: Ball
1-0: Called Strike
1-1: Foul Ball, location: 2F
1-2: Ground out 6-3 (Groundball, 6)
Batting: RHB Raúl Moreno 0-0: Ball
1-0: Foul Ball, location: 2F
1-1: SINGLE (Groundball, 56D)
Batting: RHB Colby King 0-0: Ball
1-0: Called Strike
1-1: Called Strike
1-2: Strikes out swinging
Batting: SHB Cash Masters 0-0: Called Strike
0-1: Swinging Strike
0-2: Strikes out swinging
Top of the 2nd over - 0 runs, 1 hit, 0 errors, 1 left on base; Durham 0 - Springfield 0
BOTTOM OF THE 2ND
Springfield Shooters batting - Pitching for Durham Rapiers : RHP Cisco Pérez
Batting: RHB Moriz Ayushiev 0-0: DOUBLE (Line Drive, 89XD)
Batting: RHB Miguel Elías 0-0: Ball
1-0: Called Strike
1-1: Ball
2-1: Ball
Balk!
Moriz Ayushiev to third
3-1: Called Strike
3-2: Strikes out looking
Batting: RHB Stephen Chávez 0-0: DOUBLE (Line Drive, 7LM)
Moriz Ayushiev scores
Batting: RHB Pacu Martic 0-0: Called Strike
0-1: Swinging Strike
0-2: Strikes out swinging
Batting: RHB Lev Migranov 0-0: Ball
1-0: Ball
2-0: Called Strike
2-1: Foul Ball, location: 2F
2-2: SINGLE (Groundball, 25) (infield hit)
Stephen Chávez to third
Batting: RHB Roberto Alonzo 0-0: Ball
1-0: Ball
2-0: Called Strike
2-1: Ball
3-1: Swinging Strike
3-2: Strikes out swinging
Bottom of the 2nd over - 1 run, 3 hits, 0 errors, 2 left on base; Durham 0 - Springfield 1
TOP OF THE 3RD
Durham Rapiers batting - Pitching for Springfield Shooters : LHP Marcos Tejedor
Batting: RHB Yoshi Kouda 0-0: Ball
1-0: SINGLE (Flyball, 9LS)
Batting: RHB Júlio Gonzáles 0-0: Ball
1-0: Ball
2-0: Ball
3-0: Called Strike
3-1: Foul Ball, location: 2F
3-2: SINGLE (Groundball, 6D)
Yoshi Kouda to second
Yoshi Kouda to third
Batting: LHB Alberto Garza 0-0: 3-RUN HOME RUN (Flyball, 7LD), Distance : 356 ft
Batting: RHB Carlos Evangelho 0-0: Foul Ball, location: 2F
0-1: Swinging Strike
0-2: Foul Ball, location: 2F
0-2: Fly out, F4 (Popup, 23)
Batting: RHB Tomás Costello 0-0: Called Strike
0-1: Ball
1-1: Swinging Strike
1-2: Ground out 4-3 (Groundball, 4D)
Batting: RHB Armando Chamú 0-0: Ball
1-0: Ball
2-0: Ball
3-0: Base on Balls
Batting: RHB Raúl Moreno 0-0: Ball
1-0: SINGLE (Line Drive, 7S)
Armando Chamú to second
Batting: RHB Colby King 0-0: Called Strike
0-1: Called Strike
0-2: Ball
1-2: Foul Ball, location: 2F
1-2: Fielders Choice at 2nd, 6-4 (Groundball, 6)
Top of the 3rd over - 3 runs, 4 hits, 0 errors, 2 left on base; Durham 3 - Springfield 1
BOTTOM OF THE 3RD
Springfield Shooters batting - Pitching for Durham Rapiers : RHP Cisco Pérez
Batting: RHB Eun-bum Kim 0-0: Foul Ball, location: 2F
0-1: Ball
1-1: Ground out 4-3 (Groundball, 4)
Batting: RHB Barrett Drury 0-0: Called Strike
0-1: Ball
1-1: Fly out, F8 (Flyball, 8RD)
Batting: RHB Sébastien Bernard 0-0: Ball
1-0: Ball
2-0: Swinging Strike
2-1: Foul Ball, location: 2F
2-2: Ball
3-2: Fly out, F7 (Flyball, 78M)
Bottom of the 3rd over - 0 runs, 0 hits, 0 errors, 0 left on base; Durham 3 - Springfield 1
TOP OF THE 4TH
Durham Rapiers batting - Pitching for Springfield Shooters : LHP Marcos Tejedor
Batting: SHB Cash Masters 0-0: Foul Ball, location: 2F
0-1: SINGLE (Groundball, 34S) (infield hit)
Batting: RHB Yoshi Kouda 0-0: Ball
1-0: 2-RUN HOME RUN (Line Drive, 9LD), Distance : 359 ft
Batting: RHB Júlio Gonzáles 0-0: Foul Ball, location: 2F
0-1: Foul Ball, location: 2F
0-2: Ball
1-2: Foul Ball, location: 2F
1-2: Fly out, F9 (Flyball, 9S)
Batting: LHB Alberto Garza 0-0: Ball
1-0: Foul Ball, location: 2F
1-1: Swinging Strike
1-2: Ground out 4-3 (Groundball, 4)
Batting: RHB Carlos Evangelho 0-0: Foul Ball, location: 2F
0-1: Ball
1-1: Ball
2-1: Ground out 5-3 (Groundball, 5S)
Top of the 4th over - 2 runs, 2 hits, 0 errors, 0 left on base; Durham 5 - Springfield 1
BOTTOM OF THE 4TH
Springfield Shooters batting - Pitching for Durham Rapiers : RHP Cisco Pérez
Batting: RHB Moriz Ayushiev 0-0: Ball
1-0: Ball
2-0: Ball
3-0: Base on Balls
Batting: RHB Miguel Elías 0-0: Called Strike
0-1: Fly out, F3 (Line Drive, 3)
Lined into DP, U3 (Line Drive, 3)
Batting: RHB Stephen Chávez 0-0: Ball
1-0: Ball
2-0: Swinging Strike
2-1: Foul Ball, location: 2F
2-2: Strikes out swinging
Bottom of the 4th over - 0 runs, 0 hits, 0 errors, 0 left on base; Durham 5 - Springfield 1
TOP OF THE 5TH
Durham Rapiers batting - Pitching for Springfield Shooters : LHP Marcos Tejedor
Batting: RHB Tomás Costello 0-0: Ball
1-0: Foul Ball, location: 2F
1-1: Foul Ball, location: 2F
1-2: Ball
2-2: Ball
3-2: DOUBLE (Line Drive, 8RD)
Batting: RHB Armando Chamú 0-0: Ball
1-0: Ball
2-0: Ball
3-0: Called Strike
3-1: Base on Balls
Batting: RHB Raúl Moreno 0-0: Ball
1-0: DOUBLE (Line Drive, 7LM)
Tomás Costello scores
Armando Chamú to third
Pitching: LHP Tomás Galván
Batting: RHB Colby King 0-0: Called Strike
0-1: Swinging Strike
0-2: Ball
1-2: Strikes out swinging
Batting: SHB Cash Masters 0-0: Foul Ball, location: 2F
0-1: Ground out 6-3 (Groundball, 6M)
Batting: RHB Yoshi Kouda 0-0: Ball
1-0: Called Strike
1-1: Swinging Strike
1-2: Strikes out swinging
Top of the 5th over - 1 run, 2 hits, 0 errors, 2 left on base; Durham 6 - Springfield 1
BOTTOM OF THE 5TH
Springfield Shooters batting - Pitching for Durham Rapiers : RHP Cisco Pérez
Batting: RHB Pacu Martic 0-0: Called Strike
0-1: Fly out, F8 (Flyball, 78D)
Batting: RHB Lev Migranov 0-0: Foul Ball, location: 2F
0-1: Ball
1-1: Swinging Strike
1-2: Ball
2-2: Foul Ball, location: 2F
2-2: Foul Ball, location: 2F
2-2: Strikes out swinging
Batting: RHB Roberto Alonzo 0-0: Swinging Strike
0-1: Swinging Strike
0-2: Ball
1-2: Ball
2-2: Fly out, F9 (Flyball, 9LM)
Bottom of the 5th over - 0 runs, 0 hits, 0 errors, 0 left on base; Durham 6 - Springfield 1
TOP OF THE 6TH
Durham Rapiers batting - Pitching for Springfield Shooters : LHP Tomás Galván
Batting: RHB Júlio Gonzáles 0-0: Ball
1-0: Ground out 6-3 (Groundball, 6S)
Batting: LHB Alberto Garza 0-0: Fly out, F9 (Flyball, 89D)
Batting: RHB Carlos Evangelho 0-0: Ground out 6-3 (Groundball, 6)
Top of the 6th over - 0 runs, 0 hits, 0 errors, 0 left on base; Durham 6 - Springfield 1
BOTTOM OF THE 6TH
Springfield Shooters batting - Pitching for Durham Rapiers : RHP Cisco Pérez
Batting: RHB Eun-bum Kim 0-0: Foul Ball, location: 2F
0-1: Ball
1-1: Ball
2-1: Foul Ball, location: 2F
2-2: Foul Ball, location: 2F
2-2: Foul Ball, location: 2F
2-2: Fly out, F9 (Flyball, 9LM)
Batting: RHB Barrett Drury 0-0: Called Strike
0-1: Ball
1-1: Swinging Strike
1-2: Ball
2-2: Strikes out swinging, 2-3 out at first.
Batting: RHB Sébastien Bernard 0-0: Foul Ball, location: 2F
0-1: Ball
1-1: Called Strike
1-2: Ball
2-2: Ball
3-2: Foul Ball, location: 2F
3-2: Base on Balls
Batting: RHB Moriz Ayushiev 0-0: Called Strike
0-1: Foul Ball, location: 2F
0-2: Fly out, F7 (Flyball, 78M)
Bottom of the 6th over - 0 runs, 0 hits, 0 errors, 1 left on base; Durham 6 - Springfield 1
TOP OF THE 7TH
Durham Rapiers batting - Pitching for Springfield Shooters : LHP Tomás Galván
Batting: RHB Tomás Costello 0-0: Ball
1-0: Fly out, F7 (Flyball, 7S)
Batting: RHB Armando Chamú 0-0: Called Strike
0-1: Foul Ball, location: 2F
0-2: Foul Ball, location: 2F
0-2: Fly out, F4 (Popup, 4)
Batting: RHB Raúl Moreno 0-0: Ball
1-0: Ground out 6-3 (Groundball, 6)
Top of the 7th over - 0 runs, 0 hits, 0 errors, 0 left on base; Durham 6 - Springfield 1
BOTTOM OF THE 7TH
Springfield Shooters batting - Pitching for Durham Rapiers : RHP Cisco Pérez
Batting: RHB Miguel Elías 0-0: Called Strike
0-1: Ball
1-1: Ball
2-1: Ball
3-1: Base on Balls
Batting: RHB Stephen Chávez 0-0: Called Strike
0-1: Swinging Strike
0-2: Strikes out swinging
Batting: RHB Pacu Martic 0-0: Called Strike
0-1: Fly out, F3 (Popup, 3SF)
Batting: RHB Lev Migranov 0-0: Ball
1-0: Ball
2-0: Called Strike
2-1: Fly out, F8 (Flyball, 8RD)
Bottom of the 7th over - 0 runs, 0 hits, 0 errors, 1 left on base; Durham 6 - Springfield 1
TOP OF THE 8TH
Durham Rapiers batting - Pitching for Springfield Shooters : LHP Tomás Galván
Batting: RHB Colby King 0-0: Ball
1-0: Called Strike
1-1: Foul Ball, location: 2F
1-2: Ground out 6-3 (Groundball, 6)
Batting: SHB Cash Masters 0-0: Called Strike
0-1: Foul Ball, location: 2F
0-2: SINGLE (Groundball, 56D)
Batting: RHB Yoshi Kouda 0-0: Called Strike
0-1: Swinging Strike
0-2: Strikes out looking
Batting: RHB Júlio Gonzáles 0-0: Ball
1-0: Fly out, F4 (Popup, 4S)
Top of the 8th over - 0 runs, 1 hit, 0 errors, 1 left on base; Durham 6 - Springfield 1
BOTTOM OF THE 8TH
Springfield Shooters batting - Pitching for Durham Rapiers : RHP Cisco Pérez
Batting: RHB Roberto Alonzo 0-0: Ball
1-0: Called Strike
1-1: Foul Ball, location: 2F
1-2: Strikes out looking
Batting: RHB Eun-bum Kim 0-0: Ball
1-0: Ball
2-0: Foul Ball, location: 2F
2-1: Swinging Strike
2-2: Strikes out swinging
Batting: RHB Barrett Drury 0-0: Ball
1-0: Swinging Strike
1-1: Foul Ball, location: 2F
1-2: Ball
2-2: Strikes out swinging
Bottom of the 8th over - 0 runs, 0 hits, 0 errors, 0 left on base; Durham 6 - Springfield 1
TOP OF THE 9TH
Durham Rapiers batting - Pitching for Springfield Shooters : LHP Tomás Galván
Batting: LHB Alberto Garza 0-0: Called Strike
0-1: Ball
1-1: Ball
2-1: Ball
3-1: Fly out, F7 (Flyball, 78S)
Batting: RHB Carlos Evangelho 0-0: Called Strike
0-1: Ball
1-1: Ball
2-1: Ball
3-1: Base on Balls
Batting: RHB Tomás Costello 0-0: Called Strike
0-1: SINGLE (Flyball, 78M)
Carlos Evangelho to second
Batting: RHB Armando Chamú 0-0: Ball
1-0: SINGLE (Groundball, 6MD)
Carlos Evangelho to third
Tomás Costello to second
Batting: RHB Raúl Moreno 0-0: Ball
1-0: Ball
2-0: Ball
3-0: Called Strike
3-1: Swinging Strike
3-2: Base on Balls
Carlos Evangelho scores
Tomás Costello to third
Armando Chamú to second
Batting: RHB Colby King 0-0: Ball
1-0: Ball
2-0: Ball
3-0: Base on Balls
Tomás Costello scores
Armando Chamú to third
Raúl Moreno to second
Pitching: RHP Roy Gartner
Pinch Hitting: RHB Guillermo Mata 0-0: Ball
1-0: Called Strike
1-1: Called Strike
1-2: Strikes out swinging
Batting: RHB Yoshi Kouda 0-0: Ground out 5-3 (Groundball, 56S)
Top of the 9th over - 2 runs, 2 hits, 0 errors, 3 left on base; Durham 8 - Springfield 1
BOTTOM OF THE 9TH
Springfield Shooters batting - Pitching for Durham Rapiers : RHP Cisco Pérez
Now in RF: Askari bin Idris
Batting: RHB Sébastien Bernard 0-0: Called Strike
0-1: Ball
1-1: Ball
2-1: Ball
3-1: Ground out 4-3 (Groundball, 4)
Batting: RHB Moriz Ayushiev 0-0: Ground out 6-3 (Groundball, 6)
Batting: RHB Miguel Elías 0-0: SINGLE (Flyball, 9LS)
Pitching: RHP Mark Sinclair
Batting: RHB Stephen Chávez 0-0: Called Strike
0-1: Ball
1-1: Ball
2-1: Fly out, F7 (Flyball, 78XD)
Bottom of the 9th over - 0 runs, 1 hit, 0 errors, 1 left on base; Durham 8 - Springfield 1
Tuesday, June 12th, 2018 - OOTP Baseball 18.8 Build 76